 Dungeon Crawl Stone Soup version 0.31-a0-75-g6fe912e8c5 (webtiles) character file.

Game seed: 1154100937172968377

69 pokeman the Magician (level 4, -6/24 (25) HPs)
             Began as a Deep Elf Hedge Wizard on May 23, 2023.
             Mangled by an orc
             ... wielding a +2 hand axe of draining
              (7 damage)
             ... on level 3 of the Dungeon on May 24, 2023.
             The game lasted 00:02:54 (2174 turns).

pokeman the Magician (Deep Elf Hedge Wizard)        Turns: 2174, Time: 00:02:55

HP:   -6/24 (25)    AC:  4    Str:  7    XL:     4   Next: 2%
MP:   0/13          EV: 17    Int: 27    God:
Gold: 57            SH:  0    Dex: 14    Spells: 5/13 levels left

rFire   . . .        a - +0 dagger
rCold   . . .        (no shield)
rNeg    . . .        b - +0 robe
rPois   .            c - +0 hat
rElec   .            (no cloak)
rCorr   .            e - +0 pair of gloves
SInv    .            k - +0 pair of boots
Will    .....        (no amulet)
Stlth   ++           j - +6 ring of intelligence
HPRegen 0.24/turn    l - +5 ring of evasion
MPRegen 0.13/turn

%: no passive effects
@: lightly drained
A: no striking features
a: no special abilities


You were on level 3 of the Dungeon.
You visited 1 branch of the dungeon, and saw 3 of its levels.

You collected 57 gold pieces.

Inventory:

Hand Weapons
 a - a +0 dagger (weapon)
Armour
 b - a +0 robe (worn)
 c - a +0 hat (worn)
 e - a +0 pair of gloves (worn)
 k - a +0 pair of boots (worn)
 q - a +0 kite shield
Jewellery
 j - a +6 ring of intelligence (left hand)
 l - a +5 ring of evasion (right hand)
 r - a ring of resist corrosion
Scrolls
 f - 3 scrolls of identify {unknown}
 i - 2 scrolls of teleportation {unknown}
 m - a scroll of blinking {unknown}
 n - a scroll of vulnerability {unknown}
 p - a scroll of enchant armour {unknown}
Potions
 d - a potion of magic
 g - a potion of mutation {unknown}
 h - 2 potions of heal wounds {unknown}
 o - a potion of brilliance {unknown}
 s - a potion of attraction {unknown}
 t - 2 potions of berserk rage {unknown}
 u - a potion of curing {unknown}


   Skills:
 - Level 1.0 Fighting
 - Level 1.0 Armour
 + Level 2.6 Dodging
 - Level 2.4 Stealth
 + Level 0.2 Shields
 * Level 5.4 Spellcasting
 + Level 2.0 Conjurations
 - Level 1.1 Summonings
 - Level 1.1 Translocations


You had 5 spell levels left.
You knew the following spells:

 Your Spells              Type           Power      Damage    Failure   Level
a - Magic Dart            Conj           72%        1d6       3%          1
b - Mephitic Cloud        Conj/Pois/Air  6%         N/A       22%         3
c - Call Imp              Summ           26%        N/A       7%          2
d - Blink                 Tloc           26%        N/A       7%          2

Your spell library contained the following spells:

 Spells                   Type           Power      Damage    Failure   Level
 Slow                     Hex            28%        N/A       7%          1
 Cigotuvi's Dreadful Rot  Necr/Pois/Air  4%         N/A       16%         2


Dungeon Overview and Level Annotations

Branches:
Dungeon (3/15)

Altars:


Message History

You miscast Mephitic Cloud.
You are very lightly contaminated with residual magic.
You feel odd!
You are poisoned.
* * * LOW HITPOINT WARNING * * *
You feel sick.
Casting: Mephitic Cloud (extremely dangerous; 22% risk of failure)
Confirm with . or Enter, or press ? or * to list all spells.
You don't know that spell.
Unknown command.
You aren't carrying any items that you can evoke.
Unknown command.
You feel sick. The orc misses you.
You feel sick.
You feel sick.
You are no longer poisoned.
An orc comes into view. It is wielding a +0 club.
The orc attacks as you move away! The orc closely misses you.
The orc attacks as you move away! The orc hits you but does no damage.
The orc attacks as you move away!
The orc hits you with a +2 hand axe of draining.
* * * LOW HITPOINT WARNING * * *
You feel drained.
Your magical contamination has completely faded away.
Casting: Mephitic Cloud (extremely dangerous; 22% risk of failure)
Confirm with . or Enter, or press ? or * to list all spells.
The spell is extremely dangerous to miscast (22% risk of failure)!
Continue anyway?
Aiming: Mephitic Cloud (extremely dangerous; 22% risk of failure)
Press: ? - help, Shift-Dir - straight line, f - orc, p - orc
Aim: an orc, wielding a +0 club (chance to affect: 96%) That beam is likely to hit you.
Continue anyway?
The ball explodes into a vile cloud!
The stinking cloud engulfs the orc but does no damage.
The stinking cloud engulfs you but does no damage.
The stinking cloud engulfs the orc but does no damage. x2
You hear a shout!
The orc is engulfed in noxious fumes.
The orc appears confused.
The orc completely misses you.
The orc is engulfed in noxious fumes. x2
The orc hits you with a +2 hand axe of draining!
You die...

.........#####...............
.........# #............... ..
.........# ####.....#..... ....
.........# ######.)...#....##....
.........###.##.........#......#
.............##.........#......#
..............................)#.
#######..........oo....##........
.........<...@o○..............
.....##.....##o○..........##.
......##.....##............#
...... #.....##............#
...... ......##............# ...
.......##............#
........##............#
..##.....##........#####
#.....####


You could see 4 orcs.

Vanquished Creatures
  3 adders
  2 dart slugs
  An orc (D:3)
  4 endoplasms
  4 giant cockroaches
  2 goblins
  4 hobgoblins
  2 kobolds
  6 ball pythons (D:2)
  4 bats
  2 rats
34 creatures vanquished.

Notes
Turn   | Place    | Note
-------+----------+-------------------------------------------
     0 | D:1      | pokeman the Deep Elf Hedge Wizard began the quest for the
                  | Orb.
     0 | D:1      | Reached XP level 1. HP: 10/10 MP: 7/7
   587 | D:1      | Reached XP level 2. HP: 15/15 MP: 7/9
  1381 | D:2      | Reached skill level 5 in Spellcasting
  1385 | D:2      | Reached XP level 3. HP: 20/20 MP: 4/11
  1391 | D:2      | Learned a level 3 spell: Mephitic Cloud
  1394 | D:2      | Learned a level 2 spell: Blink
  1397 | D:2      | Learned a level 2 spell: Call Imp
  1513 | D:2      | Found a faded altar of an unknown god.
  1522 | D:2      | Reached skill level 1 in Armour
  1756 | D:2      | Reached skill level 1 in Fighting
  1907 | D:2      | Identified the +0 chain mail of Music {rElec SInv}
  2151 | D:3      | Reached XP level 4. HP: 11/25 MP: 3/13
  2173 | D:3      | HP: 1/25 [orc/+2 hand axe of draining (4)]
  2174 | D:3      | Mangled by an orc

Illustrated notes

Levels and vault maps discovered:
D:1:      co_arrival_two_rings, layout_basic
D:2:      layout_loops_ring, nicolae_ecumenical_snake_handling
D:3:      layout_basic, portal_sewer_entry_f, corexii_shack, uniq_jessica,
          uniq_sigmund

Skill      XL: |  1  2  3 |
---------------+----------+-----
Spellcasting   | 5 |  5.4
Armour         | 1 |  1.0
Fighting       | 1 |  1.0
Conjurations   | 2 |  2.0
Dodging        | |  2.6
Stealth        | |  2.4
Shields        | |  0.2
Summonings     | |  1.1
Translocations | |  1.1

Action                     |  1- 3 |  4- 6 || total
---------------------------+-------+-------++-------
  Melee: Dagger            |     4 |       ||     4
   Cast: Magic Dart        |    87 |       ||    87
         Mephitic Cloud    |       |     1 ||     1
 Armour: Robe              |     4 |     1 ||     5
  Dodge: Dodged            |    10 |     3 ||    13

Table legend: (Time is in decaauts)
 A = Elapsed time spent in this place.
 B = Non-inter-level travel time spent in this place.
 C = Inter-level travel time spent in this place.
 D = Time resting spent in this place.
 E = Time spent auto-exploring this place.
 F = Levels seen in this place.
 G = Mean time per level.
                   A        B        C        D        E       F      G
               +--------+--------+--------+--------+--------+-----+--------+
         Total |   2172 |   2153 |     19 |      0 |   1917 |   3 |  724.0 |
       Dungeon |   2172 |   2153 |     19 |      0 |   1917 |   3 |  724.0 |
               +--------+--------+--------+--------+--------+-----+--------+

Top non-repeatable levels by time:
     D:1: 1172 daAuts
     D:2: 937 daAuts
     D:3: 62 daAuts
